Cogmind - Beta 11 @@@ ROGUE MODE // 2022.03.23 @ 11:50:42 Player: Dizzar Result: Self-destructed Performance ------------- Evolutions (2) 1000 Regions Visited (7) 1400 Robots Destroyed (31) 155 Value Destroyed (577) 577 Prototype IDs (27) 540 Alien Tech Used (0) 0 Bonus (300) 300 TOTAL SCORE: 3972 Bonus ------- Aligned with FarCom 300 Cogmind --------- Core Integrity 390/550 Matter 223/300 Energy 250/250 System Corruption 0% Temperature Cool (9) Movement Walking (190) Ox1 Location -8/Materials Parts ------- > --- POWER (1) -------- Ion Engine > --- PROPULSION (3) --- Aluminum Leg > --- UTILITY (5) ------ Heat Sink Small Storage Unit Visual Processing Unit > --- WEAPON (2) ------- Light Assault Rifle Light Assault Rifle > --- INVENTORY (8) ---- Ion Engine Nuclear Core Signal Interpreter Skeleton Box Ion Cannon Peak State ------------ > --- POWER ------------ Improved Ion Engine > --- PROPULSION ------- Aluminum Leg Aluminum Leg > --- UTILITY ---------- Heat Sink Small Storage Unit Visual Processing Unit Light Armor Plating Light Armor Plating > --- WEAPON ----------- Medium Laser Light Cannon > --- INVENTORY -------- Ion Engine Ion Engine Nuclear Core Signal Interpreter Skeleton Box Ion Cannon Light Assault Rifle [Rating: 13] Favorites ----------- Power Improved Ion Engine Engine Improved Ion Engine Propulsion Wheel Leg Aluminum Leg Wheel Wheel Utility Small Storage Unit Device Heat Sink Storage Small Storage Unit Processor Visual Processing Unit Protection Light Armor Plating Weapon Medium Laser Energy Gun Medium Laser Ballistic Gun Assault Rifle Ballistic Cannon Light Cannon Build | -11 -10 -10 -9 -9 -9 -8 -8 ------- Run | Scr Mat Min Mat Min Exi Min Mat Slots Evolved 4 | . . . 2 . . . 2 Power . | . . . . . . . . Propulsion 1 | . . . . . . . 1 Utility 3 | . . . 2 . . . 1 Weapon . | . . . . . . . . Parts Attached 27 | 7 7 . 4 3 . . 6 Power 4 | 2 . . 1 . . . 1 Engine 4 | 2 . . 1 . . . 1 Core . | . . . . . . . . Reactor . | . . . . . . . . Propulsion 6 | 2 2 . . 2 . . . Treads . | . . . . . . . . Leg 2 | . . . . 2 . . . Wheel 4 | 2 2 . . . . . . Hover . | . . . . . . . . Flight . | . . . . . . . . Utility 9 | 1 3 . 2 . . . 3 Device 1 | . . . . . . . 1 Storage 1 | 1 . . . . . . . Processor 1 | . . . 1 . . . . Hackware . | . . . . . . . . Protection 6 | . 3 . 1 . . . 2 Artifact . | . . . . . . . . Weapon 8 | 2 2 . 1 1 . . 2 Energy Gun 3 | . 2 . . 1 . . . Energy Cannon . | . . . . . . . . Ballistic Gun 4 | 2 . . . . . . 2 Ballistic Cannon 1 | . . . 1 . . . . Launcher . | . . . . . . . . Special Weapon . | . . . . . . . . Impact Weapon . | . . . . . . . . Slashing Weapon . | . . . . . . . . Piercing Weapon . | . . . . . . . . Special Melee Weapon . | . . . . . . . . Unidentified Prototypes . | . . . . . . . . Parts Lost 11 | . . . 2 3 . . 6 Power 1 | . . . . . . . 1 Propulsion 2 | . . . . 1 . . 1 Utility 4 | . . . 1 1 . . 2 Weapon 4 | . . . 1 1 . . 2 Highest Loss Streak 6 | . . . 1 3 . . 6 To Critical Strikes . | . . . . . . . . Average Slot Usage (%) 85 | . 95 100 88 79 77 77 74 Engine 11 | . 14 14 11 11 11 11 9 Leg 7 | . . . . 6 22 22 17 Wheel 15 | . 27 28 22 12 . . . Storage 11 | . 14 14 11 11 11 11 9 Processor 6 | . . . 6 11 11 11 9 Protection 9 | . 11 14 15 5 . . 9 Energy Gun 9 | . 11 14 6 5 11 11 7 Ballistic Gun 8 | . 15 14 11 5 . . 2 Ballistic Cannon 5 | . . . 4 11 11 11 7 Naked Turns . | . . . . . . . . Heaviest Build 24 | 14 17 17 21 18 17 17 24 Greatest Support 20 | 20 20 20 20 20 20 20 20 Greatest Overweight (x) 1 | . 1 . 1 1 . . 1 Average Overweight (x) . | . . . . . . . . Largest Inventory Capacity 8 | 8 8 8 8 8 8 8 8 Average Capacity 7 | 7 8 8 8 8 8 8 8 Most Carried 8 | 4 8 8 8 7 5 7 7 Average Carried 6 | 2 6 8 7 5 4 6 6 Final Capacity 8 | 8 8 8 8 8 8 8 8 Final Carried 8 | 4 8 8 7 4 5 7 5 Class Distribution -------------------- 96% | Mutant 3% | Scavenger-Mutant Dominant Class ---------------- Mutant | -10/Materials Mutant | -10/Mines Mutant | -9/Materials Mutant | -9/Mines Mutant | -9/Exiles Mutant | -8/Mines Mutant | -8/Materials Resources | -11 -10 -10 -9 -9 -9 -8 -8 ----------- Run | Scr Mat Min Mat Min Exi Min Mat Matter Collected 855 | 237 195 . 230 55 . 26 112 Remotely . | . . . . . . . . Salvage Created 832 | 55 281 . 318 40 . . 138 Parts 71 | 4 24 . 28 2 . . 13 Haulers Intercepted 3 | . 2 . 1 . . . . Recyclers Shooed 1 | . . . 1 . . . . Parts Field Recycled . | . . . . . . . . Retrieved Matter . | . . . . . . . . Parts Self-Destructed . | . . . . . . . . Prevented . | . . . . . . . . Kills | -11 -10 -10 -9 -9 -9 -8 -8 ------- Run | Scr Mat Min Mat Min Exi Min Mat Combat Hostiles Destroyed 17 | . 4 . 6 2 . . 5 Guns 13 | . 4 . 5 1 . . 3 Cannons 4 | . . . 1 1 . . 2 Classes Destroyed 9 | 1 6 . 1 1 . . . Worker 3 | . 1 . 2 . . . . Builder 1 | . 1 . . . . . . Hauler 3 | . 2 . 1 . . . . Recycler 2 | 1 . . 1 . . . . Watcher 5 | . 3 . 2 . . . . Swarmer 8 | . 3 . 2 . . . 3 Grunt 5 | . 1 . 3 1 . . . Brawler 1 | . . . . 1 . . . Sentry 3 | . . . 1 . . . 2 Best Kill Streak 3 | 1 3 . 3 1 . . 3 Combat Bots Only 3 | . 3 . 2 1 . . 3 Max Kills in Single Turn 1 | 1 1 . 1 1 . . 1 Gunslinging . | . . . . . . . . Exploded . | . . . . . . . . Melee . | . . . . . . . . Uniques/NPCs Destroyed . | . . . . . . . . Combat | -11 -10 -10 -9 -9 -9 -8 -8 -------- Run | Scr Mat Min Mat Min Exi Min Mat Damage Taken 1375 | . 118 . 246 298 . . 713 Core 244 | . 24 . 35 25 . . 160 Absorbed by Shields . | . . . . . . . . Redirected to Shielding 21 | . . . . 21 . . . Core Remaining (%) 91 | 100 . 90 . . . 85 . Volleys Fired 111 | 3 22 . 36 17 . . 33 Largest 2 | 2 2 . 2 2 . . 2 Hottest 85 | 40 70 . 70 85 . . 85 Shots Fired 214 | 6 44 . 69 34 . . 61 Gun 159 | 6 44 . 49 17 . . 43 Cannon 55 | . . . 20 17 . . 18 Launcher . | . . . . . . . . Special . | . . . . . . . . Kinetic 159 | 6 30 . 56 29 . . 38 Thermal 55 | . 14 . 13 5 . . 23 Explosive . | . . . . . . . . Electromagnetic . | . . . . . . . . Robot Hit Streak 12 | 4 9 . 11 12 . . 7 Robot Miss Streak 6 | 1 2 . 3 3 . . 6 Penetration Max . | . . . . . . . . Secondary Targets . | . . . . . . . . Shots Hit Robots 131 | 5 30 . 47 22 . . 27 Core Hits 46 | 2 14 . 15 3 . . 12 Critical Kills . | . . . . . . . . Critical Parts Destroyed . | . . . . . . . . Critical Strikes 1 | . . . . . . . 1 Burn 1 | . . . . . . . 1 Melee Attacks . | . . . . . . . . Impact . | . . . . . . . . Slashing . | . . . . . . . . Piercing . | . . . . . . . . Sneak Attacks . | . . . . . . . . Combat Hostiles . | . . . . . . . . Follow-up Attacks . | . . . . . . . . Damage Inflicted 1937 | 62 453 . 702 344 . . 376 Guns 1233 | 62 386 . 415 132 . . 238 Cannons 585 | . . . 276 212 . . 97 Explosions 108 | . 67 . . . . . 41 Melee . | . . . . . . . . Ramming 11 | . . . 11 . . . . Kinetic 1361 | 62 238 . 555 306 . . 200 Thermal 457 | . 148 . 136 38 . . 135 Explosive 67 | . 67 . . . . . . Electromagnetic 41 | . . . . . . . 41 Impact . | . . . . . . . . Slashing . | . . . . . . . . Piercing . | . . . . . . . . Highest Corruption 7 | . 1 1 . 7 7 7 . Average Corruption 5 | . 1 1 . 6 7 7 . Corruption Purged . | . . . . . . . . Corruption Blocked . | . . . . . . . . Effects 21 | . . 1 . 4 9 7 . Message Errors 8 | . . . . 3 3 2 . Matter Fused 3 | . . . . . 2 1 . Heat Flow Errors 4 | . . 1 . . . 3 . Energy Discharges 5 | . . . . 1 3 1 . Data Loss (minor) 1 | . . . . . 1 . . Overload Shots . | . . . . . . . . Overflow Damage 41 | . 27 . 7 . . . 7 Projectiles 14 | . . . 7 . . . 7 Explosions 27 | . 27 . . . . . . Melee . | . . . . . . . . Knockbacks 7 | . . . 4 2 . . 1 Impact . | . . . . . . . . Kinetic 7 | . . . 4 2 . . 1 Secondary . | . . . . . . . . Self-Inflicted Damage 39 | . . . 5 . . . 34 Shots 1 | . . . . . . . 1 Rammed 1 | . . . 1 . . . . Targets Rammed 1 | . . . 1 . . . . Kicked . | . . . . . . . . Crushed . | . . . . . . . . Highest Temperature 203 | . 102 136 114 90 . 203 126 Average Temperature 43 | . 28 76 33 37 . 96 37 Received Heat Transfer 459 | . 30 . 108 24 . . 297 Siege Activations . | . . . . . . . . Robots Corrupted . | . . . . . . . . Combat Hostiles . | . . . . . . . . Parts Fried . | . . . . . . . . Impact Corruptions . | . . . . . . . . Robots Melted . | . . . . . . . . Combat Hostiles . | . . . . . . . . Parts Melted 2 | . 1 . 1 . . . . Heat Transferred 1443 | . 444 . 407 111 . . 481 Parts Sabotaged . | . . . . . . . . Parts Stolen . | . . . . . . . . Parts Stripped . | . . . . . . . . Power Chain Reactions . | . . . . . . . . Missiles Intercepted . | . . . . . . . . Alert | -11 -10 -10 -9 -9 -9 -8 -8 ------- Run | Scr Mat Min Mat Min Exi Min Mat Peak Influence 171 | 5 152 28 155 58 . . 171 Initial 38 | . 3 28 10 38 . . . Average 56 | 1 85 28 54 50 . . 65 Maximum Alert Level . | . . . . . . . . Low Security (%) 100 | 100 100 100 100 100 . 100 100 Level 1 . | . . . . . . . . Level 2 . | . . . . . . . . Level 3 . | . . . . . . . . Level 4 . | . . . . . . . . Level 5 . | . . . . . . . . High Security . | . . . . . . . . Max Security . | . . . . . . . . Squads Dispatched 3 | . 1 . 1 . . . 1 Investigation 1 | . 1 . . . . . . Extermination . | . . . . . . . . Reinforcement 2 | . . . 1 . . . 1 Assault . | . . . . . . . . Garrison . | . . . . . . . . Intercept . | . . . . . . . . Searches Triggered . | . . . . . . . . Construction Impeded . | . . . . . . . . Haulers Reinforced . | . . . . . . . . Active Scanning Responses . | . . . . . . . . Cargo Convoy Interrupts . | . . . . . . . . Stealth | -11 -10 -10 -9 -9 -9 -8 -8 --------- Run | Scr Mat Min Mat Min Exi Min Mat Distress Signals 3 | . . . 1 . . . 2 Communications Jammed . | . . . . . . . . Distress Signals . | . . . . . . . . Times Spotted 38 | . 10 . 17 2 . . 9 Peak Tracking Total 4 | . 3 . 4 2 . . 3 Tactical Retreats 2 | . . . 2 . . . . Traps | -11 -10 -10 -9 -9 -9 -8 -8 ------- Run | Scr Mat Min Mat Min Exi Min Mat Traps Triggered 4 | . 4 . . . . . . Indirectly . | . . . . . . . . Trap Hack Attempts . | . . . . . . . . Triggered . | . . . . . . . . Disarmed . | . . . . . . . . Reprogrammed . | . . . . . . . . Reused . | . . . . . . . . Traps Extracted . | . . . . . . . . Installed . | . . . . . . . . Triggered . | . . . . . . . . Exploded 1 | . . . . . 1 . . Machines | -11 -10 -10 -9 -9 -9 -8 -8 ---------- Run | Scr Mat Min Mat Min Exi Min Mat Machines Disabled 5 | . 2 . 1 . . . 2 Max in Single Turn 2 | . 2 . 1 . . . 2 Machines Sabotaged . | . . . . . . . . Garrisons Compromised . | . . . . . . . . Overloaded Fab Kills . | . . . . . . . . Hacking | -11 -10 -10 -9 -9 -9 -8 -8 --------- Run | Scr Mat Min Mat Min Exi Min Mat Machines Accessed 17 | . 9 . 6 . 1 . 1 Terminals 13 | . 7 . 5 . . . 1 Fabricators . | . . . . . . . . Repair Stations . | . . . . . . . . Recycling Units 3 | . 2 . 1 . . . . Scanalyzers . | . . . . . . . . Garrison Access . | . . . . . . . . Total Hacks 47 | . 29 . 15 . 1 . 2 Successful 27 | . 16 . 9 . 1 . 1 Failed 20 | . 13 . 6 . . . 1 Catastrophic 3 | . 1 . 2 . . . . Database Lockouts . | . . . . . . . . Manual 42 | . 28 . 11 . 1 . 2 Terminals 43 | . 27 . 14 . . . 2 Fabricators . | . . . . . . . . Repair Stations . | . . . . . . . . Recycling Units 3 | . 2 . 1 . . . . Scanalyzers . | . . . . . . . . Garrison Access . | . . . . . . . . Terminal Hacks 10 | . 6 . 3 . 1 . . Prototype ID Bank 2 | . 1 . 1 . . . . Branch Access Points 1 | . 1 . . . . . . Unreport Threat 2 | . 1 . 1 . . . . Locate Traps 2 | . 1 . 1 . . . . Zone Layout 2 | . 2 . . . . . . EX-Prototype ID Bank 1 | . . . . . 1 . . Fabricator Hacks . | . . . . . . . . Repair Station Hacks . | . . . . . . . . Recycling Unit Hacks . | . . . . . . . . Scanalyzer . | . . . . . . . . Garrison Access Hacks . | . . . . . . . . Unauthorized Hacks 17 | . 10 . 6 . . . 1 Terminals 14 | . 8 . 5 . . . 1 Assimilate 3 | . 2 . 1 . . . . Botnet 9 | . 5 . 3 . . . 1 Operators 2 | . 1 . 1 . . . . Fabricators . | . . . . . . . . Repair Stations . | . . . . . . . . Recycling Units 3 | . 2 . 1 . . . . Reject 3 | . 2 . 1 . . . . Scanalyzers . | . . . . . . . . Garrison Access . | . . . . . . . . Data Cores Recovered . | . . . . . . . . Used . | . . . . . . . . Hacking Detections 13 | . 7 . 6 . . . . Full Trace Events 1 | . 1 . . . . . . Feedback Events 1 | . 1 . . . . . . Corruption 1 | . 1 . . . . . . Feedback Blocked . | . . . . . . . . Robot Schematics Acquired . | . . . . . . . . Robots Built . | . . . . . . . . Authchips . | . . . . . . . . Time . | . . . . . . . . Total Robot Build Rating . | . . . . . . . . Part Schematics Acquired . | . . . . . . . . Parts Built . | . . . . . . . . Authchips . | . . . . . . . . Time . | . . . . . . . . Total Part Build Rating . | . . . . . . . . Parts Repaired . | . . . . . . . . Time . | . . . . . . . . Parts Recycled . | . . . . . . . . Recycled Matter . | . . . . . . . . Retrieved Matter . | . . . . . . . . Retrieved Components . | . . . . . . . . Parts Scanalyzed . | . . . . . . . . Part Schematics Acquired . | . . . . . . . . Parts Damaged . | . . . . . . . . Bothacking | -11 -10 -10 -9 -9 -9 -8 -8 ------------ Run | Scr Mat Min Mat Min Exi Min Mat Used RIF Installer . | . . . . . . . . Robots Hacked . | . . . . . . . . Non-combat . | . . . . . . . . Combat . | . . . . . . . . Robot Hacks Applied . | . . . . . . . . Relay Couplers Released . | . . . . . . . . Fabnet Peak Effective % . | . . . . . . . . Robots Rewired . | . . . . . . . . Allies Hacked . | . . . . . . . . Hacks Repelled . | . . . . . . . . Allies | -11 -10 -10 -9 -9 -9 -8 -8 -------- Run | Scr Mat Min Mat Min Exi Min Mat Total Allies 4 | . 2 . . 2 . . . Largest Group 2 | . 2 . . 2 2 . . Highest-Rated Group 45 | . 20 . . 45 45 . . Highest-Rated Ally 31 | . 10 . . 31 31 . . Total Orders . | . . . . . . . . Ally Attacks . | . . . . . . . . Total Damage . | . . . . . . . . Kills . | . . . . . . . . Allies Corrupted . | . . . . . . . . Allies Melted . | . . . . . . . . Intel | -11 -10 -10 -9 -9 -9 -8 -8 ------- Run | Scr Mat Min Mat Min Exi Min Mat Robot Analysis Total . | . . . . . . . . Derelict Logs Recovered 1 | . . 1 . . . . . Drone Launches . | . . . . . . . . Drone Recoveries . | . . . . . . . . Exploration | -11 -10 -10 -9 -9 -9 -8 -8 ------------- Run | Scr Mat Min Mat Min Exi Min Mat Turns Passed 2179 | 58 542 83 585 188 258 183 282 Spaces Moved 1617 | 42 507 104 396 130 215 146 77 Core 1 | 1 . . . . . . . Treads . | . . . . . . . . Legs 488 | . . . . 50 215 146 77 Wheels 1128 | 41 507 104 396 80 . . . Hover . | . . . . . . . . Flight . | . . . . . . . . Fastest Speed 50 | 50 80 80 80 80 120 120 120 Average Speed 94 | 79 80 80 82 98 120 120 140 Slowest Speed 190 | 80 95 80 95 120 120 120 190 Overloaded Moves . | . . . . . . . . Propulsion Burnouts . | . . . . . . . . Robots Hopped . | . . . . . . . . Cave-ins Triggered . | . . . . . . . . Exploration Rate (%) 37 | 3 84 46 35 28 63 36 6 Regions Visited 7 Branch Regions 4 Pre-discovered Areas 1 | . . 1 . . . . . Known Exits Taken 1 | . 1 . . . . . . Unknown Exits Taken 6 | 1 . 1 1 1 1 1 . Scrap Searched 1 | . . . . . . 1 . Spaces Dug . | . . . . . . . . Terrain Destroyed 16 | . 16 . . . . . . Melee . | . . . . . . . . Projectile . | . . . . . . . . AOE 16 | . 16 . . . . . . Terrain Rammed . | . . . . . . . . Walls Destroyed . | . . . . . . . . Machines Disabled . | . . . . . . . . Actions | -11 -10 -10 -9 -9 -9 -8 -8 --------- Run | Scr Mat Min Mat Min Exi Min Mat Total 2053 | 56 594 103 583 156 215 154 192 Wait 287 | 2 50 . 146 6 . 7 76 Move 1610 | 41 506 103 395 129 214 145 77 Hop . | . . . . . . . . Pick Up 12 | 3 6 . . . 1 2 . Fast Attach 18 | 6 6 . 2 . . . 4 Attach 6 | . . . 1 3 . . 2 Detach . | . . . . . . . . Swap 3 | 1 1 . 1 . . . . Drop 5 | . 3 . 1 1 . . . Fire 111 | 3 22 . 36 17 . . 33 Melee . | . . . . . . . . Ram 1 | . . . 1 . . . . Kick . | . . . . . . . . Crush . | . . . . . . . . Escape Stasis . | . . . . . . . . Rewire . | . . . . . . . . Trap . | . . . . . . . . Miscellaneous . | . . . . . . . . Route ------- -11/Scrapyard -10/Materials (discovered 3 exits: *Mat x2 / *Min) -10/Mines -9/Materials -9/Mines (discovered 2 exits: *Mat / *Exi) -9/Exiles (discovered 2 exits: [*Min x2]) -8/Mines -8/Materials History --------- Turn | Location | Event 10 | -11/Scrapyard | Discovered new exit (range 16) 59 | -11/Scrapyard | Entered Materials 275 | -10/Materials | Discovered new exit (range 3) 302 | -10/Materials | Build established: Mutant 317 | -10/Materials | Discovered new exit (range 3) 522 | -10/Materials | Identified exit to Mines 601 | -10/Materials | Entered Mines 656 | -10/Mines | Discovered new exit (range 14) 670 | -10/Mines | Assembled infested the area 675 | -10/Mines | Assisted by a Guerilla fighting off Assembled 684 | -10/Mines | Entered Materials 684 | -9/Materials | Evolved 2 slots: Utility x2 1068 | -9/Materials | Discovered new exit (range 16) 1269 | -9/Materials | Entered Mines 1286 | -9/Mines | Discovered new exit (range 10) 1386 | -9/Mines | Lost 3 parts (1n1u1w) 1447 | -9/Mines | Deemed a non-threat by the Exiles lab entrance 1448 | -9/Mines | Discovered new exit (range 5) 1457 | -9/Mines | Entered Exiles 1457 | -9/Exiles | Accompanied by 2 allies 1473 | -9/Exiles | Discovered new exit (range 16) 1486 | -9/Exiles | Met 8R-AWN 1487 | -9/Exiles | Led the pair of lost Derelicts to a safe place 1507 | -9/Exiles | Met EX-HEX 1541 | -9/Exiles | Met EX-BIN 1561 | -9/Exiles | Aligned with FarCom system 1562 | -9/Exiles | Given EX-Vault access code 1589 | -9/Exiles | Opened EX-Vault 1598 | -9/Exiles | Found Skeleton Box 1624 | -9/Exiles | Warned to stay clear of 0b10 Research branches 1639 | -9/Exiles | Exiles lab attacked by MAIN.C 1702 | -9/Exiles | Discovered new exit (range 14) 1715 | -9/Exiles | Left Exiles lab with Skeleton Box 1715 | -9/Exiles | Entered Mines 1878 | -8/Mines | Discovered new exit (range 12) 1898 | -8/Mines | Entered Materials 1898 | -8/Materials | Evolved 2 slots: Propulsion x1, Utility x1 2180 | -8/Materials | Self-destructed Last Messages --------------- 02113_ S-10 Pest destroyed. 02119_ K-01 Serf collects debris. 02119_ Destroyed Flight Unit. 02132_ S-10 Pest destroyed. 02135_ K-01 Serf collects debris. 02136_ R-06 Scavenger collects Lgt. Ion Engine. 02137_ Lgt. Cannon destroyed. 02138_ S-10 Pest destroyed. 02139_ R-06 Scavenger collects Flight Unit. 02141_ R-06 Scavenger destroyed. 02142_ R-06 Scavenger collects Com. Wheel. 02148_ R-06 Scavenger sends out distress signal. 02149_ Med. Laser destroyed. 02153_ Imp. Ion Engine destroyed. 02154_ K-01 Serf collects debris. 02155_ K-01 Serf destroyed. 02158_ Acquired Lgt. Assault Rifle. 02160_ Critical hit (Burn: +37). 02162_ Lgt. Armor Plating destroyed. 02178_ Aluminum Leg destroyed. Map ----- +----------------------------------------------------+ | ???????????????????????????????????? | | ???????????????????????????????????? | | ????##########?????????????????????? | | ????# #?????????????????????? | | ????# """#?????????????????????? | | ????# """#?????????????????????? | | ????# """#?????????????????????? | | ????# #?????????????????????? | | ????# """#?????????????????????? | | ????# """#?????????????????????? | | ????# """#?????????????????????? | | ????# #?????????????????????? | | ????#####+####?????????????????????? | | ?????# #?????????????????????? | | ?????# #?????????????????????? | | ?????# #?????????????????????? | | ?????##### #?????????????????????? | | ?????????# #?????????????????????? | | ?????????# #?????????????????????? | | ?????????# #?????????????????????? | | ?????????# #?????????????????????? | | ?????????# #???????w?????????????? | | ?????????# #?????????????????????? | | ########## #?????????????????????? | | # T # #?????????????????????? | | # """ # @=#?????????????????????? | | # " # %%#######% ! #?????????? | | # # g%= "%" #?????????? | | #= + g*% [% ! #?????????? | | # # % #?????????? | | # !!# ####### #?????????? | | # ]!# #????????####?????????? | | # # #?????????????????????? | | ## #######o ?????????????????????? | | ?##??????# ????????????????????? | | ?????????# "" ???????????????????? | | ?????????# "Y ??????????????????? | | ?????????# "" ?????????????????? | | ?????????# ""????????????????? | | ?????????#u ? """???????????????? | | ?????????# ? ""????????????????? | | ?????????# ?? ????????????????? | | ?????????# ??? ?????????????????? | | ?????????? "??????????????????????? | | ?????????? "??????????????????????? | | ?????????? ???????????????????????? | | ???????????????????????????????????? | | ???????????????????????????????????? | | ???????????????????????????????????? | | ???????????????????????????????????? | +----------------------------------------------------+ Best States ------------- Heat Dissipation 41 Energy Generation 12 Energy Capacity 265 Matter Stores 300 Matter Capacity 300 Sight Range 18 Terrain Scan Density 10 Armor Coverage 300 Propulsion Shielding 33 Evasion (%) 55 Item Schematics ----------------- None Robot Schematics ------------------ None Fabricated ------------ Nothing Alien Tech Used ----------------- None Achievements -------------- None Challenges ------------ None Game ------ Seed MiniReactionInverter Manual? 0 Play Time 00:24:02 Cumulative 23.7 hours Start 2022.03.23 @ 11:28:57 End 2022.03.23 @ 11:50:42 Sessions 1 Manual Loads 0 Difficulty Rogue Special Mode None Game No. 28 Rogue 28 Adventurer 0 Explorer 0 Win Type - Total 1 Types 1/0/0/0/0/0/0/0/0 Lore% 24 Gallery% 29 Achievement% 28 Wizard Run 0 Options --------- ASCII 0 Keyboard 0 Movement Numpad Keybinds 0 Fullscreen 1 Font 18/SmallcapsGlow Map View 76x50 Tactical HUD 1 Map Filters NONE Filters NONE Steam 1 RUN: 3f23a148-c6f7-4bf9-b066-dd6b2fa4b045